 Dungeon Crawl Stone Soup version 0.30-a0-782-ge64f9170bb (webtiles) character file.

Game seed: 13871614885816058722

21 Leeroy the Slasher (level 2, 0/16 HPs)
             Began as a Vine Stalker Monk on Mar 7, 2023.
             Succumbed to a scorpion's poison
             ... on level 2 of the Dungeon.
             The game lasted 00:01:27 (980 turns).

Leeroy the Slasher (Vine Stalker Monk)               Turns: 980, Time: 00:01:27

Health: 0/16       AC:  2    Str: 13    XL:     2   Next: 87%
Magic:  0/3        EV: 12    Int: 10    God:
Gold:   25         SH:  0    Dex: 16    Spells: 1/1 levels left

rFire   . . .      SeeInvis .    a - +0 falchion
rCold   . . .      Faith    .    (no shield)
rNeg    . . .      Spirit   +    b - +0 robe
rPois   .          Reflect  .    (no helmet)
rElec   .          Harm     .    (no cloak)
rCorr   .          Rampage  .    (no gloves)
Will    .....                    (no boots)
Stlth   ++                       (no amulet)
HPRegen 0.22/turn                (no ring)
MPRegen 0.08/turn                (no ring)

@: lethally poisoned (0 -> -9)
A: fangs 2, magic shield, antimagic bite, no potion heal 2
a: no special abilities


You were on level 2 of the Dungeon.
You visited 1 branch of the dungeon, and saw 2 of its levels.

You collected 25 gold pieces.

Inventory:

Hand Weapons
 a - a +0 falchion (weapon)
Missiles
 d - 2 javelins (quivered)
 j - 9 poisoned darts
Armour
 b - a +0 robe (worn)
Scrolls
 f - 2 scrolls of identify {unknown}
 g - a scroll of teleportation {unknown}
 l - a scroll of fog {unknown}
Potions
 c - a potion of ambrosia
 e - a potion of degeneration {unknown}
 i - a potion of might {unknown}
 k - a potion of brilliance {unknown}


   Skills:
 - Level 2.6 Fighting
 + Level 3.6 Long Blades
 - Level 2.4 Dodging
 - Level 2.4 Stealth


You had one spell level left.
You didn't know any spells.
Your spell library contained the following spells:

 Spells                   Type           Power      Damage    Failure   Level
 Tukima's Dance           Hex            0%         N/A       75%         3
 Passage of Golubria      Tloc           0%         N/A       98%         4
 Yara's Violent Unravell  Hex/Tmut       0%         3d3       100%        5


Dungeon Overview and Level Annotations

Branches:
Dungeon (2/15)

Altars:

Shops:
D:1 (?[*


Innate Abilities, Weirdness & Mutations

You have extremely sharp teeth.
When hurt, damage is shared between your health and your magic reserves.
Your bite disrupts and absorbs the magic of your enemies.
Potions cannot restore your health.


Message History

You completely miss the scorpion. The scorpion barely misses you.
You barely miss the scorpion. Your bite misses the scorpion.
The scorpion stings you but does no damage.
You completely miss the scorpion.
You bite the scorpion, but do no damage.
The scorpion barely misses you. The scorpion closely misses you.
You closely miss the scorpion. The scorpion barely misses you.
You barely miss the scorpion. The scorpion closely misses you.
You slash the scorpion!
The scorpion is heavily wounded.
The scorpion stings you but does no damage.
The scorpion stings you!
You are poisoned.
The scorpion poisons you!
You hit the scorpion but do no damage.
The scorpion is heavily wounded.
You feel sick. The scorpion barely misses you.
You are too injured to fight recklessly!
You are too injured to fight recklessly!
You are too injured to fight recklessly!
You are too injured to fight recklessly!
You barely miss the scorpion.
The scorpion is heavily wounded.
You feel sick. The scorpion barely misses you.
You barely miss the scorpion. You bite the scorpion. You drain its power.
You feel invigorated.
The scorpion is heavily wounded.
You feel sick.
The scorpion stings you but does no damage.
The scorpion stings you.
* * * LOW HITPOINT WARNING * * *
You hit the scorpion but do no damage.
The scorpion is heavily wounded.
* * * LOW HITPOINT WARNING * * *
You feel sick. The scorpion stings you.
* * * LOW HITPOINT WARNING * * *
You are more poisoned.
The scorpion poisons you!
It was a potion of heal wounds.
That seemed strangely inert.
You die...

### #.# #
#.#####.#
#....@s.#
#.#####.#
#.# # #.#
#.# #.#
#.# .#
#.#####.#
#.....#.#
# .


You could see a scorpion.

Vanquished Creatures
  An adder (D:2)
  2 bats
  An endoplasm (D:2)
  4 goblins
  A kobold (D:1)
  3 ball pythons (D:2)
12 creatures vanquished.

Notes
Turn   | Place    | Note
-------+----------+-------------------------------------------
     0 | D:1      | Leeroy the Vine Stalker Monk began the quest for the Orb.
     0 | D:1      | Reached XP level 1. HP: 11/11 MP: 2/2
    23 | D:1      | Found Ecopugekk's General Store.
    36 | D:1      | Found Giruv's Armour Shop.
   361 | D:1      | Found Emietiak's Magic Scroll Boutique.
   547 | D:1      | Reached skill level 3 in Long Blades
   611 | D:1      | Found Vyxol's Antique Weapon Emporium.
   888 | D:2      | Reached XP level 2. HP: 10/16 MP: 0/3
   965 | D:2      | Noticed a scorpion
   980 | D:2      | Succumbed to a scorpion's poison

Illustrated notes

Levels and vault maps discovered:
D:1:      ncdulo_halloftheorcs, layout_loops_corners, serial_shops,
          nicolae_diamond_shop, nicolae_diamond_shop,
          nicolae_shop_temple_entry_statues_fountains, shop,
          minmay_misc_feat_room, chequers_serial_rivers_micro_e, minivault_14
D:2:      layout_basic, serial_shops, shop, shapermc_ecumenical_altar_venn,
          basic_altar, minmay_statues_item

Skill      XL: |  1 |
---------------+----+-----
Long Blades    | 3 |  3.6
Fighting       | |  2.6
Dodging        | |  2.4
Stealth        | |  2.4

Action                     || total
---------------------------++-------
  Melee: Falchion          ||    40
         Bite              ||     7
    Use: Potion            ||     1
   Stab: Sleeping          ||     3
 Armour: Robe              ||    12
  Dodge: Dodged            ||    31

Table legend: (Time is in decaauts)
 A = Elapsed time spent in this place.
 B = Non-inter-level travel time spent in this place.
 C = Inter-level travel time spent in this place.
 D = Time resting spent in this place.
 E = Time spent auto-exploring this place.
 F = Levels seen in this place.
 G = Mean time per level.
                   A        B        C        D        E       F      G
               +--------+--------+--------+--------+--------+-----+--------+
         Total |    985 |    951 |     34 |      0 |    829 |   2 |  492.5 |
       Dungeon |    985 |    951 |     34 |      0 |    829 |   2 |  492.5 |
               +--------+--------+--------+--------+--------+-----+--------+

Top non-repeatable levels by time:
     D:1: 871 daAuts
     D:2: 113 daAuts
